 Dungeon Crawl Stone Soup version 0.23.2-33-g5129a83184 (webtiles) character file.

Game seed: 17312085303489102304

2971 Felnil the Blocker (level 9, -3/74 HPs)
             Began as a Gnoll Fighter on Aug 10, 2019.
             Slain by an orc warlord
             ... wielding a +0 war axe
              (16 damage)
             ... in a bailey.
             The game lasted 00:30:35 (7327 turns).

Felnil the Blocker (Gnoll Fighter)                  Turns: 7327, Time: 00:30:35

Health: -3/74      AC: 13    Str: 21    XL:     9   Next: 82%
Magic:  15/15      EV:  7    Int: 11    God:
Gold:   383        SH: 11    Dex: 15    Spells: 17/17 levels left

rFire    . . .     SeeInvis +   a - +0 war axe
rCold    . . .     Gourm    .   c - +0 shield
rNeg     . . .     Faith    .   E - +0 plate armour
rPois    .         Spirit   .   (no helmet)
rElec    .         Reflect  .   (no cloak)
rCorr    .         Harm     .   (no gloves)
MR       .....                  (no boots)
Stlth    ..........             l - amulet of rage
HPRegen  0.22/turn              A - ring of see invisible
MPRegen  0.14/turn              t - +3 ring of slaying

@: about to teleport
A: distributed training, fangs 1, strong nose
a: Evoke Berserk Rage


You were in a bailey.
You were not hungry.

You visited 1 branch of the dungeon, and saw 7 of its levels.
You also visited: Bailey.

You collected 383 gold pieces.

Inventory:

Hand Weapons
 a - a +0 war axe (weapon)
 j - a +0 blowgun
Missiles
 h - 73 poisoned needles
 n - 2 poisoned javelins
 v - 2 tomahawks
 C - 41 tomahawks of returning (quivered)
Armour
 b - a +1 scale mail
 c - a +0 shield (worn)
 m - a +0 chain mail
 E - a +0 plate armour (worn)
Jewellery
 l - an amulet of rage (around neck)
 p - a +2 ring of evasion
 t - a +3 ring of slaying (right hand)
 u - a +4 ring of intelligence
 A - a ring of see invisible (left hand)
Wands
 q - a wand of enslavement (8)
 y - a wand of random effects (19)
 z - a wand of polymorph (4)
Scrolls
 e - 3 scrolls of identify
 i - a scroll of fog
 o - a scroll of remove curse
 D - a scroll of teleportation
Potions
 d - 4 potions of might
 g - 2 potions of mutation {unknown}
 k - 5 potions of curing
 s - 3 potions of brilliance {unknown}
 w - 2 potions of agility
 x - 2 potions of haste {unknown}
Comestibles
 f - 15 rations


   Skills:
 + Level 8.0 Fighting
 + Level 4.5 Short Blades
 + Level 4.5 Long Blades
 + Level 6.5 Axes
 + Level 4.5 Maces & Flails
 + Level 4.5 Polearms
 + Level 4.5 Staves
 + Level 4.5 Slings
 + Level 4.5 Bows
 + Level 4.5 Crossbows
 + Level 4.5 Throwing
 + Level 8.0 Armour
 + Level 4.5 Dodging
 + Level 4.5 Stealth
 + Level 8.0 Shields
 + Level 4.5 Unarmed Combat
 + Level 4.5 Spellcasting
 + Level 3.7 Conjurations
 + Level 3.7 Hexes
 + Level 3.7 Charms
 + Level 3.7 Summonings
 + Level 3.7 Necromancy
 + Level 3.7 Translocations
 + Level 3.7 Transmutations
 + Level 3.7 Fire Magic
 + Level 3.7 Ice Magic
 + Level 3.7 Air Magic
 + Level 3.7 Earth Magic
 + Level 3.7 Poison Magic
 + Level 5.0 Invocations
 + Level 4.5 Evocations


You had 17 spell levels left.
You didn't know any spells.
Your spell library contained the following spells:

 Spells                   Type           Power        Failure   Level  Hunger
 Confusing Touch          Hex            ##....       91%         1    None
 Confuse                  Hex            ##......     99%         3    ###....
 Gell's Gravitas          Tloc           ##........   99%         3    ###....
 Petrify                  Tmut/Erth      ##......     100%        4    ####...
 Metabolic Englaciation   Hex/Ice        ##........   100%        5    ######.
 Yara's Violent Unravell  Hex/Tmut       ##........   100%        5    ######.


Dungeon Overview and Level Annotations

Branches:
Dungeon (7/15)             Temple (0/1) D:7

Altars:
Dithmenos
Gozag
Kikubaaqudgha
Sif Muna
Uskayaw

Annotations:
D:3 Descartes's ghost, amateur SpWr


Innate Abilities, Weirdness & Mutations

Your experience applies equally to all skills.
You have very sharp teeth.
Your uncanny sense of smell can sniff out nearby items.


Message History

Press: ? - help, Shift-Dir - straight line, f/p - orc warlord
Aim: an orc warlord, wielding a +0 war axe and wearing a +0 scale mail (lightly wounded)
The bolt of poison hits the orc warlord!!
The orc warlord is poisoned.
The orc warlord is moderately wounded.
The orc warlord hits you with a +0 war axe!!
* * * LOW HITPOINT WARNING * * *
You feel much better. You block the orc warlord's attack.
You feel much better. You block the orc warlord's attack.
Aiming: Random Effects
Press: ? - help, Shift-Dir - straight line, f/p - orc warlord
Aim: an orc warlord, wielding a +0 war axe and wearing a +0 scale mail (moderately wounded, poisoned)
The puff of flame misses the orc warlord.
The orc warlord hits you with a +0 war axe!!
* * * LOW HITPOINT WARNING * * *
The orc warlord looks more healthy.
As you read the scroll of teleportation, it crumbles to dust.
You feel strangely unstable.
The orc warlord hits you with a +0 war axe!
You die...

#...8......#########.
##......####≈≈≈#≈≈≈##
##.....#≈≈#≈.....)≈#
##....#≈........!≈#
#...##≈8.8...8.8##
#.))'≈≈.........#.
#...'≈≈....∩....#.
#o..'≈≈.........#.
#@..##≈8.8...8.8##
##....#≈........!≈#
##.....#≈≈#≈.....[≈#
##......####≈≈≈#≈≈≈##
#...8......#########.
#..........'.....))..
#..........#≈≈≈≈≈#)..
##..8..8...#≈≈≈≈≈#...
##.......##≈≈≈≈≈##..


You could see an orc warlord.

Vanquished Creatures
  A spriggan (D:7)
  Eustachio (D:6)
  Menkaure (D:6)
  4 phantoms
  3 orc warriors (Bailey)
  An ice beast (D:6)
  A sky beast (D:5)
  2 ogres (D:4)
  2 centaurs (D:7)
  A big kobold (D:7)
  4 bullfrogs
  A wyvern zombie (D:6)
  2 scorpions
  4 wights (D:6)
  A howler monkey (D:4)
  A crimson imp (D:5)
  A quasit (D:7)
  A centaur skeleton (D:4)
  2 hounds
  A gnoll shaman (D:6)
  4 orc wizards
  An iguana (D:7)
  4 worker ants
  A worker ant zombie (D:6)
  4 adders
  9 gnolls
  3 shadow imps
  An ooze (D:2)
  An adder zombie (D:3)
  3 adder skeletons
  3 worms
  A dart slug (D:3)
  5 leopard geckos
  20 orcs
  2 ball pythons
  7 giant cockroaches
  12 goblins
  5 hobgoblins
  12 jackals
  2 quokkas
  6 bats
  4 frilled lizards
  20 kobolds
  A leopard gecko skeleton (D:3)
  A leopard gecko zombie (D:6)
  7 rats
174 creatures vanquished.

Vanquished Creatures (others)
  An orc (Bailey)
1 creature vanquished.

Grand Total: 175 creatures vanquished

Notes
Turn   | Place    | Note
-------+----------+-------------------------------------------
     0 | D:1      | Felnil the Gnoll Fighter began the quest for the Orb.
     0 | D:1      | Reached XP level 1. HP: 23/23 MP: 1/1
    82 | D:1      | Reached XP level 2. HP: 26/29 MP: 2/2
   492 | D:1      | Reached XP level 3. HP: 28/35 MP: 3/3
   705 | D:2      | Reached skill level 1 in Invocations
   793 | D:2      | Noticed a phantom
   814 | D:2      | Killed a phantom
   814 | D:2      | Reached skill level 1 in Short Blades
   814 | D:2      | Reached skill level 1 in Long Blades
   814 | D:2      | Reached skill level 1 in Maces & Flails
   814 | D:2      | Reached skill level 1 in Polearms
   814 | D:2      | Reached skill level 1 in Staves
   814 | D:2      | Reached skill level 1 in Slings
   814 | D:2      | Reached skill level 1 in Bows
   814 | D:2      | Reached skill level 1 in Crossbows
   814 | D:2      | Reached skill level 1 in Throwing
   814 | D:2      | Reached skill level 1 in Dodging
   814 | D:2      | Reached skill level 1 in Stealth
   814 | D:2      | Reached skill level 1 in Unarmed Combat
   814 | D:2      | Reached skill level 1 in Spellcasting
   814 | D:2      | Reached skill level 1 in Conjurations
   814 | D:2      | Reached skill level 1 in Hexes
   814 | D:2      | Reached skill level 1 in Charms
   814 | D:2      | Reached skill level 1 in Summonings
   814 | D:2      | Reached skill level 1 in Necromancy
   814 | D:2      | Reached skill level 1 in Translocations
   814 | D:2      | Reached skill level 1 in Transmutations
   814 | D:2      | Reached skill level 1 in Fire Magic
   814 | D:2      | Reached skill level 1 in Ice Magic
   814 | D:2      | Reached skill level 1 in Air Magic
   814 | D:2      | Reached skill level 1 in Earth Magic
   814 | D:2      | Reached skill level 1 in Poison Magic
   814 | D:2      | Reached skill level 1 in Evocations
   814 | D:2      | Reached XP level 4. HP: 29/41 MP: 4/6
   814 | D:2      | Reached XP level 5. HP: 33/47 MP: 4/7
  1522 | D:3      | Found a runed translucent gate.
  1525 | D:3      | Found a runed translucent gate.
  1536 | D:3      | Found a runed translucent gate.
  1539 | D:3      | Noticed Descartes's ghost (amateur SpWr)
  1720 | D:3      | Found a deep blue altar of Sif Muna.
  1981 | D:3      | Reached XP level 6. HP: 44/53 MP: 8/8
  2089 | D:3      | Found a faded altar of an unknown god.
  2684 | D:4      | Noticed a phantom
  2698 | D:4      | Reached skill level 5 in Axes
  2722 | D:4      | Killed a phantom
  2851 | D:4      | Reached XP level 7. HP: 57/59 MP: 10/10
  3442 | D:4      | Reached XP level 8. HP: 52/67 MP: 12/12
  3803 | D:5      | Entered Level 5 of the Dungeon
  4375 | D:6      | Found a shadowy altar of Dithmenos.
  4377 | D:6      | Noticed Menkaure
  4381 | D:6      | Noticed Eustachio
  4812 | D:6      | Killed Eustachio
  5147 | D:6      | Reached XP level 9. HP: 72/72 MP: 14/14
  5379 | D:6      | Killed Menkaure
  5865 | D:7      | Found a hide-covered altar of Uskayaw.
  5871 | D:7      | Found an ancient bone altar of Kikubaaqudgha.
  6018 | D:7      | Found a flagged portal.
  6143 | D:7      | Found an opulent altar of Gozag.
  6284 | D:7      | Found a staircase to the Ecumenical Temple.
  6394 | D:7      | Found an opulent altar of Gozag.
  6473 | Bailey   | Entered a bailey
  6478 | Bailey   | Noticed an orc warlord
  6828 | Bailey   | Found a runed translucent gate.
  6828 | Bailey   | Found a runed translucent gate.
  6828 | Bailey   | Found a runed translucent gate.
  6922 | Bailey   | Reached skill level 5 in Invocations
  7322 | Bailey   | HP: 2/74 [orc warlord/+0 war axe (29)]
  7327 | Bailey   | Slain by an orc warlord

Skill      XL: |  1  2  3  4  5  6  7  8  9 |
---------------+----------------------------+-----
Invocations    | 1 2 3 4 5 |  5.0
Short Blades   | 1 2 3 4 |  4.5
Long Blades    | 1 2 3 4 |  4.5
Maces & Flails | 1 2 3 4 |  4.5
Polearms       | 1 2 3 4 |  4.5
Staves         | 1 2 3 4 |  4.5
Slings         | 1 2 3 4 |  4.5
Bows           | 1 2 3 4 |  4.5
Crossbows      | 1 2 3 4 |  4.5
Throwing       | 1 2 3 4 |  4.5
Dodging        | 1 2 3 4 |  4.5
Stealth        | 1 2 3 4 |  4.5
Unarmed Combat | 1 2 3 4 |  4.5
Spellcasting   | 1 2 3 4 |  4.5
Conjurations   | 1 2 3 |  3.7
Hexes          | 1 2 3 |  3.7
Charms         | 1 2 3 |  3.7
Summonings     | 1 2 3 |  3.7
Necromancy     | 1 2 3 |  3.7
Translocations | 1 2 3 |  3.7
Transmutations | 1 2 3 |  3.7
Fire Magic     | 1 2 3 |  3.7
Ice Magic      | 1 2 3 |  3.7
Air Magic      | 1 2 3 |  3.7
Earth Magic    | 1 2 3 |  3.7
Poison Magic   | 1 2 3 |  3.7
Evocations     | 1 2 3 4 |  4.5
Axes           | 5 6 |  6.5
Fighting       | 7 8 |  8.0
Armour         | 7 8 |  8.0
Shields        | 7 8 |  8.0

Action                   |  1- 3 |  4- 6 |  7- 9 || total
-------------------------+-------+-------+-------++-------
Melee: War axe           |    74 |   142 |   315 ||   531
       Bite              |    12 |    14 |    40 ||    66
Throw: Tomahawk          |       |       |     4 ||     4
Evoke: Wand              |       |       |     7 ||     7
  Use: Scroll            |       |       |    13 ||    13
       Potion            |       |       |     3 ||     3
 Stab: Sleeping          |       |       |     1 ||     1
  Eat: Chunk             |       |     7 |    11 ||    18
       Ration            |       |       |     1 ||     1
Armor: Scale mail        |    23 |    47 |    92 ||   162
Dodge: Dodged            |    17 |    60 |   167 ||   244
Block: Shield            |    36 |    72 |   256 ||   364
